AoeStats
← TryingMonk1548

MegaRandom

503283246Analyzed
1v1 RM · 2mo ago on Aug 31, 2026· 24m 44s· 2 players
Game mode
Random Map
Map size
Tiny (2 player)
Population
200
Speed
Normal
Resources
Standard
Victory
Conquest
Starting age
Dark Age
Ending age
Imperial Age
RankedLock teamsTeams togetherTeam positionsShared explorationLock speedFull tech treeHidden civsTurbo modeCheats
Victory
Defeat
🇲🇽 Japanese · Mexico
397
+14
vs
🇦🇺 Burgundians · Australia
352
-14
TryingMonk1548
0:47 Loom
10:26 Feudal Age
10:34 Double-Bit Axe
13:09 Bow Saw
12:58 Horse Collar
14:32 Heavy Plow
23:16 Scale Barding Armor
23:22 Forging
Santis3ns3i
0:57 Loom
12:56 Feudal Age
14:13 Wheelbarrow
13:23 Town Watch
14:21 Horse Collar
14:30 Double-Bit Axe
14:54 Man-at-Arms
16:13 Gold Mining
16:14 Stone Mining
23:40 Castle Age
Connection lost

Rejoining the realm…

Still unreachable

The connection could not be restored.

Session expired

The server has moved on; the page needs a fresh start.